 Dungeon Crawl Stone Soup version 0.30-a0-652-gcc886f7154 (webtiles) character file.

Game seed: 2518469354727412043

6630 Newt the Markskobold (level 11, -3/68 HPs)
             Began as a Kobold Hunter on Jan 17, 2023.
             Was an Initiate of Gozag.
             Slain by a yak (6 damage)
             ... on level 8 of the Dungeon.
             The game lasted 00:11:09 (9643 turns).

Newt the Markskobold (Kobold Hunter)                Turns: 9643, Time: 00:11:10

Health: -3/68      AC: 12    Str: 10    XL:     11   Next: 22%
Magic:  20/20      EV:  9    Int: 10    God:    Gozag
Gold:   1345       SH:  0    Dex: 22    Spells: 10/10 levels left

rFire   + . .      SeeInvis .    u - +2 shortbow (flame)
rCold   . . .      Faith    .    (shield currently unavailable)
rNeg    + . .      Spirit   .    I - +3 chain mail of Lucidity {rElec rF+ rN+}
rPois   .          Reflect  .    (no helmet)
rElec   +          Harm     .    (no cloak)
rCorr   .          Rampage  .    (no gloves)
Will    .....                    (no boots)
Stlth   +                        o - amulet of regeneration
HPRegen 1.11/turn                t - ring of magical power
MPRegen 0.17/turn                (no ring)

@: gold aura
A: small, no large weapons, nightstalker 3
a: Renounce Religion, Potion Petition, Call Merchant, Bribe Branch


You were on level 8 of the Dungeon.
You worshipped Gozag.
Gozag was most pleased with you.
You visited 1 branch of the dungeon, and saw 9 of its levels.

You collected 1655 gold pieces.
You spent 310 gold pieces at shops.

Inventory:

Hand Weapons
 a - a +0 shortbow
 u - a +2 shortbow of flaming (weapon)
 v - a +0 battleaxe
Missiles
 s - a throwing net
Armour
 c - a +0 leather armour
 k - a scarf of shadows
 r - a +2 robe of fire resistance
 D - a +1 robe of willpower
 I - the +3 chain mail of Lucidity (worn) {rElec rF+ rN+}
   (You found it on level 8 of the Dungeon)

   rF:        It protects you from fire.
   rElec:     It insulates you from electricity.
   rN:        It protects you from negative energy.
Jewellery
 h - an amulet of the acrobat
 o - an amulet of regeneration (around neck)
 t - a ring of magical power (left hand)
 B - a ring of fire
Wands
 y - a wand of quicksilver (8)
 H - a wand of charming (5)
Scrolls
 b - a scroll of immolation
 d - a scroll of vulnerability
 f - 5 scrolls of teleportation
 l - 3 scrolls of magic mapping
 n - a scroll of enchant armour
 w - a scroll of torment
 C - a scroll of brand weapon
 F - 2 scrolls of poison
Potions
 e - 2 potions of degeneration
 g - 3 potions of attraction
 i - 4 potions of curing
 j - 4 potions of haste
 m - a potion of magic
 p - a potion of might
 q - 2 potions of flight
 x - 3 potions of ambrosia
 z - a potion of cancellation {unknown}
 E - a potion of mutation {unknown}


   Skills:
 - Level 8.0 Fighting
 - Level 16.0 Ranged Weapons
 - Level 5.0 Armour
 + Level 7.0 Dodging
 - Level 5.0 Stealth


You had 10 spell levels left.
You didn't know any spells.
Your spell library contained the following spells:

 Spells                   Type           Power      Damage    Failure   Level
 Apportation              Tloc           0%         N/A       100%        1
 Necrotise                Necr           0%         1d4       100%        1
 Summon Small Mammal      Summ           0%         N/A       100%        1
 Vampiric Draining        Necr           0%         2d6       100%        3
 Agony                    Necr           0%         N/A       100%        5
 Alistair's Intoxication  Tmut/Pois      0%         N/A       100%        5


Dungeon Overview and Level Annotations

Branches:
Dungeon (9/15)             Temple (0/1) D:5
   Lair: D:8-11         Orc: D:9-12

Altars:
Gozag
Nemelex Xobeh
Ru
Yredelemnul

Shops:
D:4 (

Annotations:
D:4 1 runed translucent door


Innate Abilities, Weirdness & Mutations

You are small and have problems with some larger weapons.
You are completely attuned to the shadows.


Message History

You start resting.
HP restored.
You start waiting.
Done waiting.
You start waiting.
Done waiting.
You climb downwards.
The yak gores you! x2
There is a stone staircase leading up, spattered with blood here.
The yak gores you but does no damage. x2
You climb upwards.
There is a stone staircase leading down, spattered with blood here.
You shoot an arrow. The arrow hits the yak!
The arrow burns the yak.
The yak is heavily wounded.
The yak gores you but does no damage. The yak gores you.
You shoot an arrow.
The arrow hits the yak but does no damage.
The yak is heavily wounded.
The yak gores you.
The yak gores you but does no damage. x3
You shoot an arrow. The arrow hits the yak.
The arrow burns the yak.
The yak is heavily wounded.
The yak gores you but does no damage. The yak gores you.
You shoot an arrow. The arrow hits the yak.
The arrow burns the yak.
The yak is severely wounded.
The yak gores you. The yak gores you but does no damage.
You shoot an arrow. The arrow barely misses the yak.
The yak gores you! x2
The yak gores you but does no damage. x2
You shoot an arrow. The arrow closely misses the yak.
The yak gores you but does no damage. The yak gores you!
* * * LOW HITPOINT WARNING * * *
You shoot an arrow. The arrow barely misses the yak.
The yak gores you!
* * * LOW HITPOINT WARNING * * *
The yak gores you!
* * * LOW HITPOINT WARNING * * *
You shoot an arrow. The arrow hits the yak!
The arrow burns the yak.
You kill the yak!
The yak gores you.
* * * LOW HITPOINT WARNING * * *
The yak gores you.
You die...
Your body crumbles into a pile of gold.

.# #.#.#.#...........# .#
#.#.#.............#
.###.#.###.#+#+#######
.)...#.# #.#...#
.#####.###.##..# ##
#.#...##..# #.#.#.....#
######.#.#.###.##########
.........#.# #.Y@$......#
.........#.# ##########.#
.........#.######### #.#
.........#.#.......# #.#
.........#.#.......# #.#
.........#.#.......# #.#
.........#.#.......# #.#
######.#.#.#.......####.#
#.#.#.#......)'....#


You could see a yak.

Vanquished Creatures
  Erica (D:8)
  The ghost of acebull12 the Grappler, a novice TrCA of Ignis (D:7)
  Maggie (D:8)
  A hornet (D:5)
  Grinder (D:3)
  Sigmund (D:5)
  A wyvern (D:8)
  10 yaks
  The ghost of Newt the Shooter, an amateur DsGl (D:4)
  2 water moccasins
  8 ice beasts
  2 black bears (D:6)
  An ogre (D:5)
  3 centaurs
  A phantom (D:5)
  2 kobold brigands (D:7)
  3 bullfrogs (D:6)
  3 necrophages
  Blork the orc (D:4)
  A gnoll sergeant (D:7)
  2 hornet simulacra (D:7)
  2 howler monkeys (D:6)
  3 hounds
  A jelly (D:4)
  4 orc priests
  Jessica (D:3)
  2 iguanas
  3 orc wizards
  17 adders
  4 gnolls (D:7)
  A shadow imp (D:6)
  2 white imps (D:7)
  An ufetubus (D:4)
  A worm (D:4)
  4 dart slugs
  14 orcs
  8 ball pythons
  5 endoplasms
  3 giant cockroaches
  9 goblins
  8 hobgoblins
  10 jackals
  15 kobolds
  2 quokkas
  7 bats
  4 frilled lizards
  4 rats
182 creatures vanquished.

Notes
Turn   | Place    | Note
-------+----------+-------------------------------------------
     0 | D:1      | Newt the Kobold Hunter began the quest for the Orb.
     0 | D:1      | Reached XP level 1. HP: 12/12 MP: 1/1
    71 | D:1      | Reached XP level 2. HP: 17/17 MP: 2/2
   241 | D:1      | Reached XP level 3. HP: 23/23 MP: 3/3
   411 | D:1      | Found a faded altar of an unknown god.
   480 | D:1      | Prayed at the altar of an unknown god.
   480 | D:1      | Became a worshipper of Gozag Ym Sagoz the Greedy
  1128 | D:2      | Reached XP level 4. HP: 29/29 MP: 4/4
  1821 | D:3      | Noticed Grinder
  1824 | D:3      | Paralysed by Grinder for 2 turns
  1828 | D:3      | Paralysed by Grinder for 5 turns
  1847 | D:3      | Paralysed by Grinder for 4 turns
  2014 | D:3      | HP: 1/29 [Grinder (5)]
  2246 | D:3      | Reached skill level 6 in Ranged Weapons
  2402 | D:3      | Reached XP level 5. HP: 33/33 MP: 5/5
  2870 | D:3      | Reached skill level 7 in Ranged Weapons
  2874 | D:3      | Noticed Jessica
  3217 | D:2      | Reached XP level 6. HP: 9/38 MP: 6/6
  3437 | D:3      | Killed Jessica
  3587 | D:3      | Reached skill level 8 in Ranged Weapons
  3696 | D:3      | Killed Grinder
  3697 | D:3      | Reached skill level 5 in Fighting
  3697 | D:3      | Reached XP level 7. HP: 40/44 MP: 7/7
  4319 | D:4      | Found a sparkling altar of Nemelex Xobeh.
  4402 | D:4      | Found a runed translucent door.
  4402 | D:4      | Noticed a human
  4405 | D:4      | Found a basalt altar of Yredelemnul.
  4665 | D:4      | Found a runed translucent door.
  4737 | D:4      | Noticed Blork the orc
  4745 | D:4      | Killed Blork the orc
  4773 | D:4      | Found Qogynkev's Weapon Shop.
  4777 | D:4      | Bought a +2 shortbow of flaming for 226 gold pieces
  4777 | D:4      | Bought a +0 battleaxe for 84 gold pieces
  4848 | D:4      | Noticed Newt's ghost (amateur DsGl)
  4860 | D:4      | Killed Newt's ghost
  4861 | D:4      | Reached skill level 9 in Ranged Weapons
  4861 | D:4      | Reached XP level 8. HP: 34/51 MP: 8/8
  4894 | D:5      | Entered Level 5 of the Dungeon
  5029 | D:5      | Reached skill level 10 in Ranged Weapons
  5036 | D:5      | Reached skill level 5 in Stealth
  5036 | D:5      | Noticed a hornet
  5114 | D:5      | Noticed Sigmund
  5149 | D:5      | Killed a hornet
  5150 | D:5      | Reached skill level 11 in Ranged Weapons
  5150 | D:5      | Reached XP level 9. HP: 25/55 MP: 9/9
  5157 | D:5      | Killed Sigmund
  5158 | D:5      | Reached skill level 12 in Ranged Weapons
  5324 | D:5      | Reached skill level 5 in Dodging
  5708 | D:5      | Found a staircase to the Ecumenical Temple.
  6166 | D:6      | Reached skill level 13 in Ranged Weapons
  6346 | D:7      | Found a runed translucent gate.
  6348 | D:7      | Found a runed translucent gate.
  6356 | D:7      | Found a runed translucent gate.
  6424 | D:7      | Reached skill level 14 in Ranged Weapons
  6424 | D:7      | Reached XP level 10. HP: 44/60 MP: 10/10
  6462 | D:7      | Reached skill level 1 in Armour
  7704 | D:7      | Noticed acebull12's ghost (novice TrCA)
  7728 | D:7      | Killed acebull12's ghost
  7729 | D:7      | Reached skill level 5 in Armour
  8047 | D:8      | Noticed Erica
  8056 | D:8      | Killed Erica
  8109 | D:8      | Identified the +3 chain mail of Lucidity {rElec rF+ rN+}
  8208 | D:8      | Noticed Maggie
  8213 | D:8      | Killed Maggie
  8636 | D:8      | Found a sacrificial altar of Ru.
  8647 | D:8      | Reached XP level 11. HP: 68/68 MP: 11/11
  8660 | D:8      | Reached skill level 15 in Ranged Weapons
  8998 | D:8      | HP: 2/68 [yak (6)]
  9383 | D:9      | HP: 1/68 [yak (11)]
  9396 | D:8      | Reached skill level 16 in Ranged Weapons
  9643 | D:8      | HP: 3/68 [yak (5)]
  9643 | D:8      | Slain by a yak

Illustrated notes

Levels and vault maps discovered:
D:1:      minmay_arrival_open_corners, layout_loops_cross,
          ebering_ecumenical_altar_abandoned, dreamdust_princess_corridor,
          chequers_serial_rivers_large_a
D:2:      layout_loops_ring
D:3:      layout_basic, minmay_fractal_squares_5, uniq_jessica, uniq_grinder
D:4:      layout_basic, amcnicky_altar_gilded, dk_yredelemnul_ordeal,
          serial_shops, nicolae_shop_crystal, ebering_ghost_reflecting_pool,
          grunt_decor_one_mirror, uniq_blork_the_orc
D:5:      layout_cave_pools, temple_hall, mrwooster_statue_mirror, uniq_sigmund
D:6:      layout_rooms, kennysheep_generic_room_3
D:7:      layout_layer_cave, gammafunk_ghost_icy, minmay_misc_feat_five,
          chequers_mini_garden, nrook_campfire
D:8:      layout_basic, old_standard_altar, uniq_erica, uniq_maggie
D:9:      layout_roguey, kennysheep_just_a_vault, uniq_grum

Skill      XL: |  1  2  3  4  5  6  7  8  9 10 11 |
---------------+----------------------------------+-----
Stealth        | 2 3 5 |  5.0
Fighting       | 3 4 5 6 8 |  8.0
Ranged Weapons | 6 7 8 9 11 14 16 | 16.0
Dodging        | 4 7 |  7.0
Armour         | 5 |  5.0

Action                   |  1- 3 |  4- 6 |  7- 9 | 10-12 || total
-------------------------+-------+-------+-------+-------++-------
Melee: Shortbow          |       |     2 |       |       ||     2
 Fire: Shortbow          |    63 |   113 |   257 |   187 ||   620
  Use: Scroll            |     3 |     1 |     4 |     8 ||    16
       Potion            |       |     7 |     1 |     5 ||    13
Armor: Leather armour    |     3 |    10 |    19 |     5 ||    37
       Skin              |       |       |     7 |       ||     7
       Chain mail        |       |       |       |    25 ||    25
Dodge: Dodged            |    24 |    53 |   125 |    47 ||   249

Table legend: (Time is in decaauts)
 A = Elapsed time spent in this place.
 B = Non-inter-level travel time spent in this place.
 C = Inter-level travel time spent in this place.
 D = Time resting spent in this place.
 E = Time spent auto-exploring this place.
 F = Levels seen in this place.
 G = Mean time per level.
                   A        B        C        D        E       F      G
               +--------+--------+--------+--------+--------+-----+--------+
         Total |   9665 |   9422 |    243 |   1751 |   6487 |   9 | 1073.9 |
       Dungeon |   9665 |   9422 |    243 |   1751 |   6487 |   9 | 1073.9 |
               +--------+--------+--------+--------+--------+-----+--------+

Top non-repeatable levels by time:
     D:8: 1750 daAuts
     D:3: 1627 daAuts
     D:7: 1512 daAuts
     D:2: 1363 daAuts
     D:4: 1065 daAuts
     D:1: 947 daAuts
     D:5: 813 daAuts
     D:6: 546 daAuts
     D:9: 38 daAuts
